 Dungeon Crawl Stone Soup version 0.26-a0-1205-g4083c211ab (webtiles) character file.

Game seed: 14740298463786686838

34 Goblin1989 the Cutter (level 3, 0/21 HPs)
             Began as a Kobold Gladiator on Dec 30, 2020.
             Slain by Terence
             ... wielding a +0 hand axe
              (2 damage)
             ... on level 1 of the Dungeon.
             The game lasted 00:01:49 (1068 turns).

Goblin1989 the Cutter (Kobold Gladiator)            Turns: 1068, Time: 00:01:49

Health: 0/21       AC:  4    Str: 11    XL:     3   Next: 50%
Magic:  3/3        EV: 16    Int:  9    God:
Gold:   39         SH:  0    Dex: 17    Spells: 2/2 levels left

rFire    . . .     SeeInvis .   a - +0 rapier
rCold    . . .     Faith    .   (shield restricted)
rNeg     . . .     Spirit   .   b - +0 leather armour
rPois    .         Reflect  .   c - +0 helmet
rElec    .         Harm     .   (no cloak)
rCorr    .         Rampage  .   (no gloves)
Will     .....                  (no boots)
Stlth    ++........             (no amulet)
HPRegen  0.07/turn              (no ring)
MPRegen  0.08/turn              (no ring)

@: no status effects
A: small, nightstalker 3
a: no special abilities


You were on level 1 of the Dungeon.
You visited 1 branch of the dungeon, and saw 2 of its levels.

You collected 39 gold pieces.

Inventory:

Hand Weapons
 a - a +0 rapier (weapon)
Missiles
 V - 7 poisoned darts
 Z - 2 throwing nets (quivered) {!d , @Q1}
Armour
 b - a +0 leather armour (worn)
 c - a +0 helmet (worn)
Scrolls
 T - 2 scrolls of fog {unknown}
 U - a scroll of remove curse {unknown}
 Y - 6 scrolls of identify {unknown}
Potions
 W - 2 potions of might
 X - 2 potions of brilliance {unknown}


   Skills:
 - Level 2.1 Fighting
 * Level 5.7 Short Blades
 - Level 2.1 Throwing
 - Level 3.6 Dodging


You had 2 spell levels left.
You didn't know any spells.
Your spell library was empty.

Dungeon Overview and Level Annotations

Branches:
Dungeon (2/15)

Altars:

Annotations:
D:1 Terence


Innate Abilities, Weirdness & Mutations

You are small and have problems with some larger weapons.
You are completely attuned to the shadows.


Message History

You climb upwards.
There is a stone staircase leading down here.
Your library has no spells.
You hit the rat.
The rat is moderately wounded.
The rat barely misses you.
You hit the rat.
You kill the rat!
You see here a rat corpse.
You start resting.
HP restored.
Health restored: 21
There is a stone staircase leading down here.
Unknown command.
Unknown command.
You climb downwards.
Level annotation: Terence The giant cockroach closely misses you.
Terence misses you.
There is a stone staircase leading up here.
Unknown command.
You barely miss Terence.
Terence is lightly wounded.
The giant cockroach barely misses you. Terence hits you with a +0 hand axe.
The giant cockroach bites you.
You take 7 damage, and have 14/21 hp.
MASSIVE DAMAGE!!
You hit Terence but do no damage.
Terence is lightly wounded.
The giant cockroach barely misses you. Terence barely misses you.
You hit Terence but do no damage.
Terence is lightly wounded.
The giant cockroach bites you but does no damage.
You hit Terence.
Terence is moderately wounded.
Terence closely misses you.
The giant cockroach bites you but does no damage.
You closely miss Terence.
Terence is moderately wounded.
Terence misses you. The giant cockroach closely misses you.
You puncture Terence!
Terence is severely wounded.
The giant cockroach misses you. Terence misses you.
You hit Terence but do no damage.
Terence is severely wounded.
The giant cockroach bites you but does no damage.
Terence hits you with a +0 hand axe.
* * * LOW HITPOINT WARNING * * *
You take 5 damage, and have 9/21 hp.
MASSIVE DAMAGE!!
You are too injured to fight recklessly!
You are too injured to fight recklessly!
You are too injured to fight recklessly!
You are too injured to fight recklessly!
You are too injured to fight recklessly!
You are too injured to fight recklessly!
You are too injured to fight recklessly!
You are too injured to fight recklessly!
You are too injured to fight recklessly!
You are too injured to fight recklessly!
You are too injured to fight recklessly!
You are too injured to fight recklessly!
You are too injured to fight recklessly!
You are too injured to fight recklessly!
You are too injured to fight recklessly!
You are too injured to fight recklessly!
You are too injured to fight recklessly!
You are too injured to fight recklessly!
You are too injured to fight recklessly!
You are too injured to fight recklessly!
You can't go down here!
The giant cockroach barely misses you. Terence misses you.
You climb upwards.
There is a stone staircase leading down here.
Unknown command.
The giant cockroach misses you. The giant cockroach barely misses you.
You hit the giant cockroach.
The giant cockroach is moderately wounded.
The giant cockroach barely misses you.
You puncture the giant cockroach!
You kill the giant cockroach!
You hit Terence but do no damage.
Terence is severely wounded.
Terence hits you with a +0 hand axe.
* * * LOW HITPOINT WARNING * * *
You take 2 damage, and have 8/21 hp.
Your leather armour prevents you from hitting Terence.
Terence is severely wounded.
Terence completely misses you.
You hit Terence but do no damage.
Terence is severely wounded.
Terence hits you with a +0 hand axe.
* * * LOW HITPOINT WARNING * * *
You barely miss Terence.
Terence is heavily wounded.
Terence hits you with a +0 hand axe.
* * * LOW HITPOINT WARNING * * *
You take 6 damage, and have 2/21 hp.
MASSIVE DAMAGE!!
You hit Terence.
Terence is severely wounded.
Terence hits you with a +0 hand axe.
You die...

████....)....█ ███.█ ███████.█
......██.....█ █...█ █.█
..█..........█ █.███ █.█
..█.█.██.....█ █.█.█ █.█
..█...██.....█ █.█.█ █.█
███.████)....█ █.█.█ ██.███
███.████.█.███ █.█.█ █....█
.......█.█.█████.█.████████....██
.......█.█...>.@@..............██
.......█.██.†.██.██████.....>....
█.██████.██..███.█ ██.███......
..█ █..██..███.██ █..█ █.....█
.██ █.██...██..>████.████......
.█ █......██...█..............
.██████†.............†...████..██
............†......██..████...███
..████.....███████.███████..█.█ █


You could see Terence.

Vanquished Creatures
  6 bats (D:1)
  2 giant cockroaches (D:1)
  3 goblins (D:1)
  5 hobgoblins
  4 jackals (D:1)
  A ball python (D:1)
  A frilled lizard (D:1)
  6 kobolds (D:1)
  5 rats (D:1)
33 creatures vanquished.

Notes
Turn   | Place    | Note
-------+----------+-------------------------------------------
     0 | D:1      | Goblin1989 the Kobold Gladiator began the quest for the
                  | Orb.
     0 | D:1      | Reached XP level 1. HP: 12/12 MP: 1/1
   109 | D:1      | Reached XP level 2. HP: 17/17 MP: 2/2
   200 | D:1      | Reached skill level 5 in Short Blades
   292 | D:1      | Reached XP level 3. HP: 20/21 MP: 3/3
   457 | D:1      | HP: 1/21 [kobold/+0 dagger (3)]
   876 | D:2      | Noticed Terence
  1068 | D:1      | Slain by Terence

Illustrated notes

Levels and vault maps discovered:
D:1:      eino_arrival_water_star, layout_rooms
D:2:      layout_basic, lemuel_crystal_altar, minmay_box_of_dots, uniq_natasha,
          uniq_terence

Skill      XL: |  1  2 |
---------------+-------+-----
Short Blades   | 5 |  5.7
Fighting       | |  2.1
Throwing       | |  2.1
Dodging        | |  3.6

Action                   || total
-------------------------++-------
Melee: Rapier            ||    99
Throw: Throwing net      ||     1
 Stab: Sleeping          ||    11
       Distracted        ||     1
Armor: Leather armour    ||    26
Dodge: Dodged            ||   128

Table legend: (Time is in decaauts)
 A = Elapsed time spent in this place.
 B = Non-inter-level travel time spent in this place.
 C = Inter-level travel time spent in this place.
 D = Time resting spent in this place.
 E = Time spent auto-exploring this place.
 F = Levels seen in this place.
 G = Mean time per level.
                   A        B        C        D        E       F      G
               +--------+--------+--------+--------+--------+-----+--------+
         Total |   1063 |   1049 |     14 |    372 |    413 |   2 |  531.5 |
       Dungeon |   1063 |   1049 |     14 |    372 |    413 |   2 |  531.5 |
               +--------+--------+--------+--------+--------+-----+--------+

Top non-repeatable levels by time:
     D:1: 1029 daAuts
     D:2: 33 daAuts
